 Dungeon Crawl Stone Soup version 0.32-a0-17-gb74e046682 (webtiles) character file.

Game seed: 7578612954343314392

2 zenocrate the Sneak (level 1, -1/9 HPs)
             Began as a Vine Stalker Enchanter on Jan 16, 2024.
             Slain by a kobold
             ... wielding a +1 dagger of electrocution
              (10 damage)
             ... on level 1 of the Dungeon.
             The game lasted 00:00:18 (43 turns).

zenocrate the Sneak (Vine Stalker Enchanter)          Turns: 43, Time: 00:00:18

Health: -1/9       AC:  2    Str: 10    XL:     1   Next: 30%
Magic:  0/4        EV: 12    Int: 15    God:
Gold:   9          SH:  0    Dex: 14    Spells: 4/4 levels left

rFire   . . .        a - +1 dagger
rCold   . . .        (no shield)
rNeg    . . .        b - +0 robe
rPois   .            (no helmet)
rElec   .            (no cloak)
rCorr   .            (no gloves)
SInv    .            (no boots)
Will    .....        (no amulet)
Stlth   ++           (no ring)
HPRegen 1.01/turn    (no ring)
MPRegen 0.09/turn

%: guardian spirit
@: no status effects
A: fangs 2, regeneration 1, magic shield, antimagic bite, no potion heal 2
a: no special abilities


You were on level 1 of the Dungeon.
You visited 1 branch of the dungeon, and saw 1 of its levels.

You collected 9 gold pieces.

Inventory:

Hand Weapons
 a - a +1 dagger (weapon)
Armour
 b - a +0 robe (worn)
Potions
 c - 2 potions of invisibility


   Skills:
 + Level 0.9 Short Blades
 + Level 1.6 Dodging
 + Level 3.6 Stealth
 - Level 2.1 Spellcasting
 + Level 3.0 Hexes


You had 4 spell levels left.
You didn't know any spells.
Your spell library contained the following spells:

 Spells                   Type           Power      Damage    Failure   Level
 Ensorcelled Hibernation  Hex/Ice        12%        N/A       19%         2
 Confusing Touch          Hex            10%        N/A       19%         3
 Tukima's Dance           Hex            10%        N/A       19%         3
 Dazzling Flash           Conj/Hex       12%        N/A       34%         3


Dungeon Overview and Level Annotations

Branches:
Dungeon (1/15)

Altars:


Innate Abilities, Weirdness & Mutations

You have extremely sharp teeth.
Your natural rate of healing is unusually fast.
When hurt, damage is shared between your health and your magic reserves.
Your bite disrupts and absorbs the magic of your enemies.
Potions cannot restore your health.


Message History

Are you destined to find the fabulous Orb of Zot, or to die trying?
Press ? for a list of commands and other information.
Found 5 gold pieces.
Found a staircase leading out of the dungeon.
Unknown command.
You now have 5 gold pieces.
You open the door.
There is an open door here.
You now have 9 gold pieces (gained 4).
Found a trident.
No target in view!
A bat, a rat and a kobold come into view.
There are monsters nearby!
Found a grey potion.
The helpless kobold fails to defend itself.
You puncture the kobold!
You kill the kobold!
Things that are here:
a +0 whip; a kobold corpse The helpless bat fails to defend itself.
You puncture the bat!
You kill the bat!
The rat squeaks loudly.
You closely miss the rat. Your punch misses the rat.
A kobold comes into view.
It is wielding a +1 dagger of electrocution.
The rat completely misses you.
The kobold shouts!
You hit the rat.
You kill the rat!
You see here a +0 trident.
A kobold comes into view. It is wielding a +0 club.
Found 5 gold pieces and a robe.
Found an escape hatch in the floor.
You don't know any spells.
Unknown command.
The kobold shouts!
You barely miss the kobold. The kobold misses you.
You hit the kobold but do no damage. The kobold hits you but does no damage.
You are electrocuted!
Ouch! That really hurt!
You die...

# #$.#...[. #######..
......... .....^..#
#..#..... .....##
#####.......> .....#
#............ .....#
#........#... .....##
#..†........# ......###
#....@K......
........####)..).......#
.....##..##.........K..#
########..........!.##..
##..#........# #
#..........##
#.#.......## #.####.#..#
#.# ....##


You could see 2 kobolds.

Vanquished Creatures
  A bat (D:1)
  A kobold (D:1)
  A rat (D:1)
3 creatures vanquished.

Notes
Turn   | Place    | Note
-------+----------+-------------------------------------------
     0 | D:1      | zenocrate the Vine Stalker Enchanter began the quest for
                  | the Orb.
     0 | D:1      | Reached XP level 1. HP: 9/9 MP: 4/4
    43 | D:1      | Slain by a kobold

Illustrated notes

Levels and vault maps discovered:
D:1:      ncdulo_lavacross, layout_rooms, chequers_serial_rivers_large_b

Action                     || total
---------------------------++-------
  Melee: Dagger            ||     6
   Stab: Sleeping          ||     2
 Armour: Robe              ||     1
  Dodge: Dodged            ||     2

Table legend: (Time is in decaauts)
 A = Elapsed time spent in this place.
 B = Non-inter-level travel time spent in this place.
 C = Inter-level travel time spent in this place.
 D = Time resting spent in this place.
 E = Time spent auto-exploring this place.
 F = Levels seen in this place.
 G = Mean time per level.
                   A        B        C        D        E       F      G
               +--------+--------+--------+--------+--------+-----+--------+
         Total |     42 |     42 |      0 |      0 |     28 |   1 |   42.0 |
       Dungeon |     42 |     42 |      0 |      0 |     28 |   1 |   42.0 |
               +--------+--------+--------+--------+--------+-----+--------+

Top non-repeatable levels by time:
     D:1: 42 daAuts
